 Dungeon Crawl Stone Soup version 0.23.2-40-g277498a001 (webtiles) character file.

Game seed: 16676521681888772807

77 Kikorro the Poker (level 4, 0/34 HPs)
             Began as a Merfolk Gladiator on Sept 8, 2019.
             Slain by an ice beast (3 damage)
             ... on level 3 of the Dungeon.
             The game lasted 00:06:46 (1854 turns).

Kikorro the Poker (Merfolk Gladiator)               Turns: 1854, Time: 00:06:47

Health: 0/34       AC:  4    Str: 15    XL:     4   Next: 34%
Magic:  4/4        EV: 14    Int:  7    God:
Gold:   81         SH:  0    Dex: 19    Spells: 3/3 levels left

rFire    . . .     SeeInvis .   a - +0 trident
rCold    . . .     Gourm    .   (no shield)
rNeg     . . .     Faith    .   l - +0 leather armour
rPois    .         Spirit   .   c - +0 helmet
rElec    .         Reflect  .   (no cloak)
rCorr    .         Harm     .   (no gloves)
MR       .....                  (no boots)
Stlth    ++........             (no amulet)
HPRegen  0.11/turn              q - +4 ring of dexterity
MPRegen  0.09/turn              (no ring)

@: drained
A: change form in water, swift swim, stealthy swim
a: no special abilities


You were on level 3 of the Dungeon.
You were not hungry.

You visited 1 branch of the dungeon, and saw 3 of its levels.

You collected 81 gold pieces.

Inventory:

Hand Weapons
 a - a +0 trident (weapon)
Missiles
 d - 3 throwing nets (quivered)
Armour
 c - a +0 helmet (worn)
 l - a +0 leather armour (worn)
Jewellery
 q - a +4 ring of dexterity (left hand)
Scrolls
 b - a scroll of amnesia
 e - 2 scrolls of remove curse
 i - a scroll of blinking {unknown}
 j - a scroll of enchant armour {unknown}
 m - 2 scrolls of fear
 o - 2 scrolls of teleportation {unknown}
 r - a scroll of immolation
Potions
 g - a potion of lignification
 h - 2 potions of curing
 n - a potion of flight
Comestibles
 f - 3 rations
 p - 6 chunks of flesh


   Skills:
 + Level 2.5(1.8) Fighting
 + Level 5.8(5.1) Polearms
 + Level 2.2(1.5) Throwing
 + Level 0.2(0.0) Armour
 + Level 4.7(4.1) Dodging
 + Level 1.3(0.7) Stealth


You had 3 spell levels left.
You didn't know any spells.
Your spell library was empty.

Dungeon Overview and Level Annotations

Branches:
Dungeon (3/15)

Altars:
Cheibriados
Elyvilon
Gozag
Nemelex Xobeh
Uskayaw
Wu Jian


Message History

You completely miss the ice beast.
The ice beast is moderately wounded.
The ice beast barely misses you.
You hit the ice beast.
The ice beast is heavily wounded.
The ice beast hits you but does no damage.
Your leather armour prevents you from hitting the ice beast.
The ice beast is heavily wounded.
The ice beast hits you. The ice beast freezes you!
* * * LOW HITPOINT WARNING * * *
You hit the ice beast.
The ice beast is heavily wounded.
The ice beast hits you.
* * * LOW HITPOINT WARNING * * *
The ice beast freezes you.
* * * LOW HITPOINT WARNING * * *
You hit the ice beast but do no damage.
The ice beast is heavily wounded.
The ice beast hits you.
You die...

#≈.≈≈≈≈≈≈≈≈≈≈...#...##.#.#
..≈.≈≈≈≈.♣≈≈≈≈.(..###.#.#.#
##.≈≈≈≈._♣≈≈≈....#####..#.#
#..≈≈≈♣.≈≈≈≈≈...)........#
≈≈≈≈≈≈≈≈≈.≈.........###
≈≈≈≈≈≈≈≈..#.###.###
≈≈≈≈≈≈≈...##...##
..≈.≈≈...###### ....≈.≈@#
#####..Y...# #.#.##.# #.#.#
# #.#.. #.#.. ... ....


You could see an ice beast.

Vanquished Creatures
  2 adders (D:2)
  An ooze (D:1)
  A worm (D:2)
  4 dart slugs
  A ball python (D:2)
  7 bats
  2 giant cockroaches
  6 goblins
  6 hobgoblins
  2 jackals (D:3)
  4 frilled lizards (D:1)
  4 kobolds
  2 rats (D:1)
42 creatures vanquished.

Notes
Turn   | Place    | Note
-------+----------+-------------------------------------------
     0 | D:1      | Kikorro the Merfolk Gladiator began the quest for the Orb.
     0 | D:1      | Reached XP level 1. HP: 16/16 MP: 1/1
   257 | D:1      | Reached XP level 2. HP: 22/22 MP: 2/2
   343 | D:1      | Reached skill level 5 in Polearms
   517 | D:1      | Reached XP level 3. HP: 27/27 MP: 3/3
   863 | D:2      | Reached skill level 1 in Stealth
  1022 | D:2      | Reached XP level 4. HP: 24/34 MP: 4/4
  1695 | D:2      | Found a sparkling altar of Nemelex Xobeh.
  1708 | D:2      | Found an ornate altar of the Wu Jian Council.
  1708 | D:2      | Found a hide-covered altar of Uskayaw.
  1710 | D:2      | Found a snail-covered altar of Cheibriados.
  1713 | D:2      | Found an opulent altar of Gozag.
  1714 | D:2      | Found a white marble altar of Elyvilon.
  1791 | D:3      | Found a faded altar of an unknown god.
  1837 | D:3      | Noticed an ice beast
  1854 | D:3      | Slain by an ice beast

Skill      XL: |  1  2  3 |
---------------+----------+-----
Polearms       | 5 |  5.8
Stealth        | 1 |  1.3
Fighting       | |  2.5
Throwing       | |  2.2
Armour         | |  0.2
Dodging        | |  4.7

Action                   |  1- 3 |  4- 6 || total
-------------------------+-------+-------++-------
Melee: Trident           |    85 |    39 ||   124
  Use: Scroll            |     3 |     4 ||     7
 Stab: Sleeping          |     6 |     1 ||     7
  Eat: Chunk             |       |     3 ||     3
Armor: Leather armour    |     9 |     7 ||    16
Dodge: Dodged            |    37 |    16 ||    53
